Unix NetHack Version 3.7.0-88 Work-in-progress - last build Aug 1 2023 10:06:41 (6c2538ef3b57905bfe3a9f43e533da77bea2ed47,branch:master). Game began 2023-07-29 09:21:48, ended 2023-08-02 18:47:37. Grasshopper, neutral male human Wizard ------------ ...........| ----%----...--- --../....--....| --.........--...- |..).)..... |...... --......).. ------- --..).$..- -----D----- ---....A..[.--- |.......[@)...| |.A----+----..| | |..)..$.| .| |.)[V.[.| .| |)).@n..| | |..h@A..| |.....).| --------- Grasshopper the Mage St:18/** Dx:18 Co:18 In:22 Wi:22 Ch:15 Neutral Astral Plane $:0 HP:570(570) Pw:427(477) AC:-56 Exp:30 T:56602 Satiated Latest messages: The high priest of Thoth looks better. What do you want to use or apply? [chil-npqs-uAEOPRUXZ or ?*] q You produce a strange whistling sound. Three creatures shift locations and Phar Lap appears. The invisible guardian Angel of Thoth picks up a large shield. The invisible Beauty picks up a long sword. You feel the amulet draining your energy away. In what direction? 8 The magic missile hits the invisible Death! The invisible Death moves the high priest out of the way! Janne the Knight zaps a wand of magic missile! The magic missile hits the high priest! The magic missile misses the invisible Death. The magic missile whizzes by you! Rocky turns to flee. The fiery blade hits the invisible Death. You kill the invisible Death! The invisible guardian Angel of Thoth picks up a long sword. Janne the Knight zaps a wand of magic missile! The magic missile whizzes by you! The magic missile hits Rocky. But it reflects from Rocky's amulet! You feel the amulet draining your energy away. In what direction? 8 The door swings shut, and locks! What do you want to use or apply? [chil-npqs-uAEOPRUXZ or ?*] q You produce a strange whistling sound. Four creatures shift locations. Rocky turns to flee. Phar Lap drops a small shield. Phar Lap picks up a robe. Phar Lap removes a blessed +1 oilskin cloak and puts on a robe. What do you want to use or apply? [chil-npqs-uAEOPRUXZ or ?*] q You produce a strange whistling sound. Four creatures shift locations. What do you want to use or apply? [chil-npqs-uAEOPRUXZ or ?*] s In what direction? 1 Status of Beauty (chaotic, medium): Level 25 HP 200(200) AC -35, tame, fast, invisible. What do you want to sacrifice? [g or ?*] g You offer the Amulet of Yendor to Thoth... An invisible choir sings, and you are bathed in radiance... The voice of Thoth rings out: "Mortal, thou hast done well!" "In return for thy service, I grant thee the gift of Immortality!" You ascend to the status of Demigod... Do you want your possessions identified? [ynq] (y) y Do you want to see your attributes? [ynq] (y) y Do you want an account of creatures vanquished? [ynaq] (y) y Do you want a list of species genocided and extinct? [ynaq] (y) y Do you want to see your conduct and achievements? [ynq] (y) y Do you want to see the dungeon overview? [ynq] (y) y Inventory: Amulets ('"') I - the blessed Eye of the Aethiopica Q - an uncursed amulet of life saving (being worn) Weapons (')') a - the blessed rustproof +2 Magicbane (alternate weapon; not wielded) d - the blessed rustproof +6 Fire Brand (weapon in hand) z - 9 blessed +7 silver daggers named +7 Y - 12 blessed poisoned rustproof +7 darts named +7 Armor ('[') b - a blessed greased fireproof +5 cloak of protection (being worn) B - a blessed fireproof +5 pair of water walking boots (being worn) D - a blessed fireproof +4 small shield (being worn) G - a blessed fireproof +4 pair of leather gloves (being worn) H - a blessed greased tempered +4 helm of brilliance (being worn) S - a blessed +5 silver dragon scale mail (being worn) T - a blessed +4 T-shirt with text "I bounced off a rubber tree" (being worn) Comestibles ('%') v - a blessed tripe ration F - a blessed lizard corpse named Lizard of Oz Wands ('/') l - an uncursed wand of death (0:4) m - an uncursed wand of lightning (2:14) n - an uncursed wand of wishing (1:0) A - an uncursed wand of undead turning named 11 (0:2) O - an uncursed wand of cold (2:12) R - an uncursed wand of slow monster named 1 (0:2) X - an uncursed wand of sleep (0:7) Z - an uncursed wand of teleportation (0:3) Rings ('=') e - a blessed +5 ring of increase damage (on right hand) k - an uncursed +5 ring of increase damage (on left hand) Potions ('!') C - a blessed potion of full healing Tools ('(') c - a blessed skeleton key named C2 60000ish h - a blessed greased magic harp named Stratocaster (0:1) i - a blessed greased bag of holding containing 105 items p - an uncursed tooled horn q - a blessed magic whistle s - a blessed stethoscope t - an uncursed towel u - a blessed +0 unicorn horn E - the uncursed Candelabrum of Invocation (7 of 7 candles, lit) P - the blessed greased Platinum Yendorian Express Card U - a blessed oilskin sack named <<< CANCELLATION >>> containing 2 items Gems/Stones ('*') N - a blessed luckstone Contents of the bag of holding: a blessed amulet of flying an uncursed amulet of guarding a blessed amulet of magical breathing 2 blessed rustproof +7 darts named +7 26 blessed poisoned rustproof +7 darts named +7 an uncursed +0 helm of opposite alignment a blessed +1 mummy wrapping a blessed greased fireproof +5 robe 3 uncursed pineapples an uncursed banana 3 blessed carrots a blessed cram ration 4 blessed eucalyptus leaves 2 uncursed fortune cookies 3 uncursed K-rations 2 uncursed lembas wafers an uncursed lump of royal jelly 2 uncursed pancakes a blessed sprig of wolfsbane 2 uncursed tripe rations a blessed tin of spinach 2 blessed eggs named chook blessed 5 blessed cockatrice eggs 2 uncursed eggs named chook 2 cursed eggs named cursed 2 blessed scrolls of blank paper a cursed scroll of blank paper a blessed scroll of charging a blessed scroll of create monster 2 uncursed scrolls of create monster 2 cursed scrolls of create monster 3 blessed scrolls of gold detection a blessed scroll of remove curse 2 cursed scrolls of teleportation named nc an uncursed wand of cold (0:8) an uncursed wand of cold (1:7) an uncursed wand of cold (2:7) an uncursed wand of cold (0:6) an uncursed wand of cold (0:5) an uncursed wand of cold (3:5) an uncursed wand of death (0:7) an uncursed wand of death (0:7) an uncursed wand of digging (0:8) an uncursed wand of digging (0:8) an uncursed wand of digging (0:8) an uncursed wand of digging (0:8) an uncursed wand of digging (0:8) an uncursed wand of digging (0:4) an uncursed wand of enlightenment (1:4) an uncursed wand of fire (0:5) an uncursed wand of light named 1 (0:14) an uncursed wand of light (0:12) an uncursed wand of lightning (0:6) an uncursed wand of locking (1:15) an uncursed wand of magic missile named 1 (0:7) an uncursed wand of opening (0:6) an uncursed wand of polymorph (3:3) an uncursed wand of probing (3:8) an uncursed wand of probing (3:6) an uncursed wand of secret door detection (0:15) an uncursed wand of sleep (0:7) an uncursed wand of sleep (0:6) an uncursed wand of sleep (0:5) an uncursed wand of sleep (0:5) an uncursed wand of sleep named 4 (0:4) an uncursed wand of sleep (0:1) an uncursed wand of slow monster (0:6) an uncursed wand of speed monster (0:5) an uncursed wand of striking (0:8) an uncursed wand of teleportation (0:8) an uncursed wand of teleportation (0:8) an uncursed wand of teleportation (0:7) an uncursed wand of undead turning (0:4) a blessed +2 ring of adornment an uncursed +2 ring of adornment an uncursed ring of conflict a blessed ring of free action an uncursed +1 ring of gain constitution an uncursed ring of hunger an uncursed ring of levitation a blessed ring of polymorph an uncursed ring of polymorph control an uncursed +4 ring of protection an uncursed ring of protection from shape changers an uncursed ring of regeneration an uncursed ring of searching a blessed ring of slow digestion a cursed potion of paralysis an uncursed potion of polymorph a blessed potion of speed 5 potions of holy water named uc an uncursed potion of water an empty uncursed sack an uncursed sack named LOOOOT DO NOT REMOVE containing 1 item a blessed magic flute (3:10) a blessed magic lamp an uncursed magic marker (1:29) an uncursed magic marker (1:19) an uncursed magic marker (1:9) 7 uncursed tallow candles a cursed tin whistle 7 uncursed wax candles an uncursed amethyst stone an uncursed obsidian stone a blessed luckstone Contents of the sack named LOOOOT DO NOT REMOVE: an uncursed sack named 6 containing 1 item Contents of the sack named 6: an uncursed sack named 5 containing 1 item Contents of the sack named 5: an uncursed sack named 4 containing 1 item Contents of the sack named 4: an uncursed sack named 3 containing 1 item Contents of the sack named 3: an uncursed sack named 2 containing 1 item Contents of the sack named 2: an uncursed sack named 1 containing 1 item Contents of the sack named 1: a blessed bag of holding containing 22 items Contents of the bag of holding: 29 uncursed agate stones 20 uncursed amber stones 43 uncursed amethyst stones 25 uncursed aquamarine stones 5 uncursed black opals 25 uncursed chrysoberyl stones 4 uncursed citrine stones 6 uncursed diamonds 4 uncursed dilithium crystals 9 uncursed emeralds 34 uncursed fluorite stones 31 uncursed garnet stones 2 uncursed jacinth stones 31 uncursed jade stones 14 uncursed jasper stones 34 uncursed jet stones 35 uncursed obsidian stones 17 uncursed opals 12 uncursed rubies 3 uncursed sapphires 26 uncursed topaz stones 7 uncursed turquoise stones Contents of the oilskin sack named <<< CANCELLATION >>>: an uncursed scroll of scare monster an uncursed wand of cancellation (0:7) Grasshopper the Wizard's attributes: Background: You were a Mage, a level 30 male human Wizard. You were neutral, on a mission for Thoth who was opposed by Ptah (lawful) and Anhur (chaotic). You were in the endgame, on the Astral Plane. You entered the dungeon 56602 turns ago. There was a full moon in effect when your adventure ended. You had 100110025 experience points. Basics: You had all 570 hit points. You had 427 out of 477 energy points (spell power). Your armor class was -56. Your wallet was empty. Autopickup was on for '"%?/=!' plus thrown, with exceptions. Final Characteristics: Your strength was 18/100 (limit:18/100). Your dexterity was 18 (limit:18). Your constitution was 18 (limit:18). Your intelligence was 22 (base:18, innate limit:18). Your wisdom was 22 (base:18, innate limit:18). Your charisma was 15 (limit:18). Final Status: You were satiated. You were unencumbered. You were wielding a long sword. You had basic skill with long sword. Final Attributes: You were the Envoy of Balance. You were piously aligned. You were magic-protected. You were fire resistant. Your items were protected from fire. You were cold resistant. You were sleep resistant. You were disintegration resistant. You were shock resistant. You were poison resistant. You saw invisible. You were telepathic. You were warned. You were clairvoyant. You were invisible to others. You were stealthy. You could teleport. You had teleport control. You could walk on water. You had a huge damage bonus (+16). You had a large defense bonus (+19). You were protected. You took half spell damage. You were very fast. You had reflection. Your life would have been saved. You were extremely lucky. You had extra luck. Good luck did not time out for you. You survived. Miscellaneous: You never encountered a bones level. Total elapsed playing time was 2 days, 13 hours, 24 minutes and 48 seconds. Major events: Turn 1: Grasshopper the neutral male human Wizard entered the dungeon 545: entered the Gnomish Mines 588: attained the rank of Conjurer (level 3) 2689: attained the rank of Thaumaturge (level 6) 5051: reached Mine Town 6658: was bestowed with Magicbane by Thoth 11329: entered Sokoban 11668: completed 1st Sokoban level 12428: completed 2nd Sokoban level 12890: completed 3rd Sokoban level 13787: completed 4th Sokoban level 15495: attained the rank of Magician (level 10) 16437: acquired the Sokoban bag of holding 20429: acquired the Mines' End luckstone 22991: performed his first genocide (doppelgangers) 24268: was bestowed with Werebane by Thoth 24567: Nosalnef, the hardware store proprietor, has been killed 24593: Samoe, the delicatessen proprietrix, has been killed 24620: Yawolloh, the hardware store proprietor, has been killed 25193: became Thoth's Envoy of Balance 25193: was bestowed with spellbook of finger of death 27717: killed Medusa 28550: attained the rank of Enchanter (level 14) 29264: attained the rank of Sorcerer (level 18) 30386: made his first wish - "blessed fixed greased platinum yendorian express card", got "a greased credit card named the Platinum Yendorian Express Card" 31689: found Sunsword on the floor 31821: entered Gehennom 33282: wished for "uncursed magic marker", got "a magic marker" 33597: attained the rank of Necromancer (level 22) 34539: wished for "blessed greased tempered +5 helm of brilliance", got "a greased crystal helmet" 34907: found Dragonbane on the floor 35369: the Dark One has been killed 35369: found the Eye of the Aethiopica carried by a monster 35393: acquired the Bell of Opening 37878: was bestowed with Fire Brand by Thoth 37956: killed the invisible Croesus 45783: wished for "blessed fireproof +5 boots of water walking", got "a pair of combat boots" 46737: was bestowed with Trollsbane by Thoth 46765: attained the rank of Wizard (level 26) 46787: genocided class m 50037: killed Orcus 51080: attained the rank of Mage (level 30) 51778: destroyed Vlad the Impaler 51783: acquired the Candelabrum of Invocation 51974: killed Baalzebub 52488: killed Juiblex 52611: killed Asmodeus 53039: wished for "uncursed magic marker", got "a magic marker" 53326: wished for "uncursed magic marker", got "a magic marker" 53473: killed the Wizard of Yendor 53478: acquired the Book of the Dead 53502: performed the invocation 53657: killed the Wizard of Yendor (2nd time) 53702: killed the high priestess of Moloch 53704: acquired The Amulet of Yendor 54025: killed the Wizard of Yendor (3rd time) 55656: chose an elven broadsword to be named "Orcrist" 55952: killed the Wizard of Yendor (5th time) 56220: read a Discworld novel 56287: entered the Elemental Planes 56287: entered Plane of Earth 56352: entered Plane of Air 56437: entered Plane of Fire 56465: entered Plane of Water 56532: entered the Astral Plane 56545: wished for "blessed greased historic fireproof magic harp named Stratocaster", got "a greased harp named Stratocaster" 56564: killed the invisible Death 56583: killed the invisible Death (2nd time) 56586: found Frost Brand carried by a monster 56595: genocided purple worms 56598: killed the invisible Death (3rd time) 56602: ascended Vanquished creatures: Asmodeus Baalzebub Orcus Juiblex the Wizard of Yendor (7 times) Death (thrice) Vlad the Impaler 6 arch-liches a high cleric 2 mastodons Medusa Croesus 4 krakens an Archon 4 iron golems 6 master liches 10 storm giants 9 glass golems 33 purple worms 4 gray dragons 4 gold dragons 2 silver dragons 4 red dragons 5 white dragons 5 orange dragons 4 black dragons 5 blue dragons 4 green dragons 3 yellow dragons 24 minotaurs 2 jabberwocks the Dark One 7 baluchitheria 25 Angels 5 demiliches 5 stone golems 4 master mind flayers 11 Olog-hai 5 Nazgul 5 pit fiends 19 sandestins 2 hell hounds 4 displacer beasts 6 titanotheres 6 trappers a baby gray dragon a baby black dragon 6 guardian nagas 4 genetic engineers 3 disenchanters 30 vampire leaders 3 skeletons 3 shopkeepers 2 prisoners 41 aligned clerics 7 captains 6 shades 13 liches 4 clay golems 12 nurses 7 ice devils 4 nalfeshnees a lurker above 7 Aleaxes 8 frost giants 7 ettins 2 golden nagas 17 black puddings 37 vampires 11 lieutenants a watch captain 38 ghosts a rogue 2 wizards a queen bee 4 winged gargoyles 3 mind flayers 5 giant mimics 8 long worms 8 zruties 7 fire giants 9 ogre tyrants 5 ice trolls 4 rock trolls 10 umber hulks 20 flesh golems 11 elven monarchs 2 hezrous 13 bone devils 4 large mimics 3 wumpuses 2 fire vortices 8 couatls 12 stalkers 5 air elementals 4 fire elementals 2 earth elementals 6 water elementals 4 hill giants 3 giant mummies 5 black nagas 13 xorns 20 giant zombies 18 elf-nobles 18 sergeants 7 barbed devils 8 vrocks a salamander 9 wargs 3 winter wolves 5 hell hound pups 9 small mimics 3 glass piercers 2 warhorses 6 steam vortices 9 xans 7 ettin mummies 6 ogre leaders 13 quantum mechanics 14 trolls 2 sasquatches 3 wood golems 2 erinyes 2 mariliths a djinni 5 sharks 2 electric eels 5 gelatinous cubes 3 pyrolisks 4 large dogs 6 freezing spheres 9 flaming spheres 8 shocking spheres a large cat 8 tigers 11 gargoyles 5 dwarf rulers 13 tengu 9 ochre jellies 10 leocrottas 10 energy vortices 8 mountain centaurs 11 stone giants 2 elf mummies 2 human mummies 2 red nagas 5 green slimes 2 pythons 5 pit vipers 4 cobras 62 wraiths 6 carnivorous apes 16 ettin zombies 5 leather golems 11 Grey-elves 120 soldiers 4 watchmen 7 amorous demons 3 horned devils 4 chameleons 2 crocodiles 8 giant beetles 12 quivering blobs 13 cockatrices 14 wolves 6 winter wolf cubs 7 lynxes 5 gremlins 5 spotted jellies 56 leprechauns 6 orc-captains 5 iron piercers 9 mumakil 11 giant spiders 6 scorpions 7 horses an ice vortex 5 black lights 51 vampire bats 7 forest centaurs 3 gnome rulers 4 orc mummies 5 dwarf mummies 12 ogres 6 brown puddings 9 rust monsters 16 owlbears 5 yetis 5 gold golems 3 werewolves 8 Green-elves 4 piranha 21 giant eels 20 lizards 4 chickatrices 2 dingoes 4 dogs 3 housecats 5 jaguars 7 dwarf leaders 5 blue jellies 5 white unicorns 2 gray unicorns 2 black unicorns 8 dust vortices 41 ravens 11 plains centaurs 13 gnome mummies 5 snakes 10 apes 29 human zombies 5 rope golems 9 Woodland-elves 34 soldier ants 12 fire ants 35 bugbears 6 imps 9 lemures 10 quasits 7 wood nymphs 8 water nymphs 6 mountain nymphs 16 Mordor orcs 51 Uruk-hai 4 orc shamans 15 rock piercers 12 rock moles 9 ponies 6 fog clouds 18 yellow lights 6 shriekers 11 violet fungi 22 gnome leaders 8 gnomish wizards 7 kobold mummies a red naga hatchling 10 gray oozes 4 barrow wights 20 elf zombies 21 ghouls 8 straw golems 3 paper golems 4 jellyfish 26 giant ants 2 little dogs 25 floating eyes a kitten 27 dwarves 10 homunculi 5 kobold leaders 4 kobold shamans 60 hill orcs 28 rothes 2 rabid rats 5 centipedes 18 giant bats 12 monkeys 17 orc zombies 21 dwarf zombies 7 wererats 6 werejackals 19 iguanas 51 killer bees 7 acid blobs 5 coyotes 2 gas spores 10 hobbits 20 manes 5 large kobolds 39 hobgoblins 14 giant rats 13 cave spiders a brown mold 6 yellow molds 5 green molds a red mold 68 gnomes 19 gnome zombies 13 geckos 20 jackals 3 foxes 3 kobolds 11 goblins 5 sewer rats 12 grid bugs 12 bats 16 lichens 19 kobold zombies 17 newts 2882 creatures vanquished. Genocided or extinct species: purple worms giant mimics doppelgangers large mimics small mimics erinyes (extinct) soldiers (extinct) 5 species genocided. 2 species extinct. Voluntary challenges: You read items or engraved 261 times. You never engraved Elbereth. You genocided 5 types of monsters. You used 7 wishes (1 for an artifact). You did not violate any of the special Sokoban rules. Achievements: You entered the Gnomish Mines. You attained the rank of Conjurer. You entered a shop. You attained the rank of Thaumaturge. You entered Minetown. You entered a temple. You entered Sokoban. You attained the rank of Magician. You completed Sokoban. You completed the Gnomish Mines. You defeated Medusa. You attained the rank of Enchanter. You attained the rank of Sorcerer. You entered Gehennom. You attained the rank of Necromancer. You handled the Bell of Opening. You attained the rank of Wizard. You attained the rank of Mage. You had the Candelabrum of Invocation. You handled the Book of the Dead. You gained access to Moloch's Sanctum. You read from a Discworld novel. You reached the Elemental Planes. You reached the Astral Plane. You delivered the Amulet of Yendor. You ascended! The Elemental Planes: Astral Plane: <- You are here. A temple to Thoth. Plane of Water: Plane of Fire: Plane of Air: Plane of Earth: The Dungeons of Doom: levels 1 to 28 Level 1: A fountain. One way stairs up to The Elemental Planes. Level 2: Many altars to Thoth. Stairs down to The Gnomish Mines. Level 3: "c" A general store. Level 4: Level 5: A shop. Level 6: A fountain. Level 7: Level 8: Level 9: "Oracle junk in chest" Many fountains. Oracle of Delphi. Level 10: "-s" A fountain. Stairs up to Sokoban, level 9. Level 11: A fountain. Level 12: A temple to Thoth, a fountain. Level 13: Many graves. Level 14: Portal to Fort Ludios. Level 15: "junkstash" Level 16: A primitive area. Portal to The Quest. Level 17: An altar to Thoth, a fountain. Level 18: A fountain. Level 19: Some fountains. Level 20: "c lep" Level 21: A fountain. Level 22: "lp -s" A fountain. Level 23: A fountain. Level 24: Some fountains. Level 25: "lp" A fountain. Level 26: "Medusa" A fountain, many trees. Level 27: Level 28: "stash $$$" A fountain. The castle. Connection to Gehennom. Gehennom: levels 29 to 50 Level 29: A temple, many graves. Valley of the Dead. Level 30: Level 31: "lp" Level 32: Level 33: "Asmo" Level 34: "Jubes" A fountain. Level 35: Level 36: "Baalz" Level 37: Level 38: Level 39: Some shops, an altar, many graves. Stairs up to Vlad's Tower, level 38. Level 40: Level 41: "Rodney" Level 42: Level 43: "wiz bottom" Level 44: Level 45: Level 46: Level 47: Level 48: "wiz portal" Level 49: "c" Level 50: A temple, many graves. Moloch's Sanctum. The Gnomish Mines: levels 3 to 11 Level 3: Level 4: Level 5: Level 6: "MT -s" Many shops, some altars to Thoth. Level 7: Level 8: Level 9: "lp" Level 10: Level 11: "ME" Some fountains. The Quest: levels 1 to 5 Level 1: "poly" Completed quest for Neferet the Green. Level 2: Level 3: Level 4: Level 5: "poly" A temple to Thoth. Sokoban: levels 9 up to 6 Level 6: Solved. Level 7: Solved. Level 8: Solved. Level 9: "food stash" Solved. Fort Ludios: Level 1: Fort Ludios. Vlad's Tower: levels 38 up to 36 Level 36: Level 37: Level 38: Goodbye Grasshopper the Demigod... You and Phar Lap and Rocky and the invisible Beauty and the invisible guardian Angel of Thoth went to your reward with 3307440 points, Magicbane (worth 3500 zorkmids and 8750 points) Fire Brand (worth 3000 zorkmids and 7500 points) The Candelabrum of Invocation (worth 5000 zorkmids and 12500 points) The Eye of the Aethiopica (worth 4000 zorkmids and 10000 points) The Platinum Yendorian Express Card (worth 7000 zorkmids and 17500 points) 44 amethyst stones (worth 26400 zorkmids), 36 obsidian stones (worth 7200 zorkmids), 34 jet stones (worth 28900 zorkmids), 34 fluorite stones (worth 13600 zorkmids), 31 garnet stones (worth 21700 zorkmids), 31 jade stones (worth 9300 zorkmids), 29 agate stones (worth 5800 zorkmids), 26 topaz stones (worth 23400 zorkmids), 25 aquamarine stones (worth 37500 zorkmids), 25 chrysoberyl stones (worth 17500 zorkmids), 20 amber stones (worth 20000 zorkmids), 17 opals (worth 13600 zorkmids), 14 jasper stones (worth 7000 zorkmids), 12 rubies (worth 42000 zorkmids), 9 emeralds (worth 22500 zorkmids), 7 turquoise stones (worth 14000 zorkmids), 6 diamonds (worth 24000 zorkmids), 5 black opals (worth 12500 zorkmids), 4 dilithium crystals (worth 18000 zorkmids), 4 citrine stones (worth 6000 zorkmids), 3 sapphires (worth 9000 zorkmids), 2 jacinth stones (worth 6500 zorkmids), 1 amulet of life saving (worth 150 zorkmids), 1 amulet of magical breathing (worth 150 zorkmids), 1 amulet of guarding (worth 150 zorkmids), 1 amulet of flying (worth 150 zorkmids), and 0 pieces of gold, after 56602 moves. You were level 30 with a maximum of 570 hit points when you ascended.